 Dungeon Crawl Stone Soup version 0.23-a0-13-gb09bef45d9 (webtiles) character file.

493 Bapho the Slasher (level 6, -2/52 HPs)
             Began as a Draconian Monk on Aug 2, 2018.
             Slain by Duvessa
             ... wielding a +1 short sword of draining
              (4 damage)
             ... on level 4 of the Dungeon.
             The game lasted 00:07:06 (4672 turns).

Bapho the Slasher (Draconian Monk)                  Turns: 4672, Time: 00:07:07

Health: -2/52      AC:  9    Str: 14    XL:     6   Next: 92%
Magic:  6/6        EV: 11    Int: 10    God:
Gold:   147        SH:  0    Dex: 15    Spells: 5/5 levels left

rFire    + . .     SeeInvis .   a - +1 falchion
rCold    + . .     Gourm    .   (no shield)
rNeg     . . .     Faith    .   (armour unavailable)
rPois    .         Spirit   .   (helmet restricted)
rElec    .         Reflect  .   d - scarf {rC+ rF+}
rCorr    .         Harm     .   (no gloves)
MR       .....                  t - +2 pair of boots
Stlth    +.........             (no amulet)
HPRegen  0.17/turn              (no ring)
MPRegen  0.10/turn              (no ring)

@: extremely drained
A: unfitting armour, cold-blooded, AC +6
a: no special abilities


You were on level 4 of the Dungeon.
You were not hungry.

You visited 1 branch of the dungeon, and saw 4 of its levels.

You collected 147 gold pieces.

Inventory:

Hand Weapons
 a - a +1 falchion (weapon)
Missiles
 e - 116 stones (quivered)
 g - 25 arrows
 p - 2 tomahawks
 v - 3 exploding tomahawks
Armour
 d - a scarf of resistance (worn)
 t - a +2 pair of boots (worn)
Wands
 o - a wand of iceblast (10)
 q - a wand of enslavement (14)
Scrolls
 h - a scroll of remove curse {unknown}
 j - 5 scrolls of blinking
 m - a scroll of random uselessness {unknown}
 r - a scroll of fog {unknown}
 s - 2 scrolls of enchant weapon
 x - 2 scrolls of amnesia {unknown}
Potions
 i - a potion of mutation {unknown}
 l - a potion of magic {unknown}
 w - 2 potions of might {unknown}
Comestibles
 b - 7 rations
 c - 2 chunks of flesh


   Skills:
 + Level 4.2(0.0) Fighting
 * Level 6.4(0.0) Long Blades
 + Level 3.1(0.0) Throwing
 - Level 2.6(0.0) Dodging
 - Level 1.7(0.0) Stealth


You had 5 spell levels left.
You didn't know any spells.
Your spell library was empty.

Dungeon Overview and Level Annotations

Branches:
Dungeon (4/15)
 Temple: D:4-7

Altars:

Annotations:
D:4 Duvessa


Innate Abilities, Weirdness & Mutations

Your plain brown scales are hard. (AC +6)
You cannot fit into any form of body armour.
You are cold-blooded and may be slowed by cold attacks.


Message History

You hit Duvessa.
Duvessa is severely wounded.
Duvessa closely misses you.
Things that are here:
a battleaxe; a glowing robe You closely miss Duvessa.
Duvessa is severely wounded.
Duvessa barely misses you.
Duvessa shakes in a combination of rage and grief.
You hit Duvessa.
Duvessa is severely wounded.
Duvessa misses you.
You riposte.
You hit Duvessa but do no damage.
Duvessa is severely wounded.
You hit Duvessa.
Duvessa is almost dead.
Duvessa hits you but does no damage.
You feel drained.
Duvessa hits you with a short sword of draining!
* * * LOW HITPOINT WARNING * * *
You feel drained.
You die...

#....#.#.........#.#
#.##.#.#.......†.#.#########
#.##.#.####................#
..#..#...........#.######.##
..##.######.####.#.###.##.#
..#............#.#.....##.#
..#..##......#.#.#####.##.#
..#..##........e.......##.#
..#..##.......)#@########<#
..#..##........#.# #.#
..#..##........#.# #.#
#.#..##........#.# #.#
#.#..########..#.# #.#
#.#............#.# #.#
#.#............#.# #.#
#................########.##
...........................#


You could see Duvessa.

Vanquished Creatures
  An ogre (D:4)
  Blork the orc (D:4)
  Dowan (D:4)
  An orc priest (D:3)
  An orc wizard (D:3)
  A worker ant (D:4)
  6 gnolls
  5 adders
  An ooze (D:1)
  4 worms
  5 dart slugs
  9 orcs
  2 ball pythons
  4 giant cockroaches
  8 goblins
  6 hobgoblins
  6 jackals
  8 kobolds
  4 bats
  5 frilled lizards
  12 rats
91 creatures vanquished.

Notes
Turn   | Place    | Note
-------+----------+-------------------------------------------
     0 | D:1      | Bapho the Draconian Monk began the quest for the Orb.
     0 | D:1      | Reached XP level 1. HP: 19/19 MP: 1/1
   176 | D:1      | Reached XP level 2. HP: 17/26 MP: 2/2
   811 | D:1      | Reached XP level 3. HP: 31/31 MP: 3/3
   885 | D:1      | Reached skill level 4 in Long Blades
  1286 | D:1      | You fall through a shaft!
  1345 | D:2      | Reached XP level 4. HP: 7/40 MP: 4/4
  1646 | D:2      | Reached skill level 1 in Throwing
  2265 | D:2      | Reached skill level 5 in Long Blades
  2481 | D:2      | Reached XP level 5. HP: 46/46 MP: 5/5
  3931 | D:4      | Noticed an ogre
  4252 | D:4      | Noticed Duvessa
  4252 | D:4      | Noticed Dowan
  4254 | D:4      | Noticed Blork the orc
  4312 | D:4      | Killed an ogre
  4312 | D:4      | Reached skill level 6 in Long Blades
  4312 | D:4      | Reached XP level 6. HP: 31/52 MP: 6/6
  4542 | D:4      | Killed Blork the orc
  4615 | D:4      | Killed Dowan
  4640 | D:4      | HP: 2/52 [Duvessa/short sword of draining (1)]
  4672 | D:4      | HP: 2/52 [Duvessa/short sword of draining (8)]
  4672 | D:4      | Slain by Duvessa

Vault maps used:
D:1:      doesnt_arrival_eight_statues, minmay_tripent
D:2:      lemuel_upstairs_altar
D:3:      minmay_diamond_boxcup
D:4:      uniq_duvessa, uniq_natasha, uniq_blork_the_orc

Skill      XL: |  1  2  3  4  5  6 |
---------------+-------------------+-----
Long Blades    | 4 5 6 |  6.4
Throwing       | 1 2 3 |  3.1
Fighting       | 4 |  4.2
Dodging        | |  2.6
Stealth        | |  1.7

Action                   |  1- 3 |  4- 6 || total
-------------------------+-------+-------++-------
Melee: Falchion          |    99 |   147 ||   246
       Tailslap          |    15 |    24 ||    39
Throw: Stone             |    69 |    99 ||   168
       Javelin           |       |    32 ||    32
  Use: Scroll            |       |     3 ||     3
       Potion            |       |     4 ||     4
 Stab: Sleeping          |     2 |     1 ||     3
  Eat: Chunk             |     1 |    11 ||    12
Armor: Skin              |    27 |    40 ||    67
Dodge: Dodged            |    75 |    92 ||   167
       Rpst.: Falchion   |    25 |    32 ||    57

Table legend:
 A = Spawn XP
 B = Non-spawn XP
 C = Spawn XP percentage of total XP
 D = Spawn monster count
 E = Non-spawn monster count
 F = Spawn count percentage of total count
 G = Total turns spent on level
                    A         B        C        D         E        F      G
               +---------+---------+-------+---------+---------+-------+---------
         Total |       0 |     705 |   0.0 |       0 |      91 |   0.0 |  4672
               +---------+---------+-------+---------+---------+-------+---------
           D:1 |       0 |      80 |   0.0 |       0 |      34 |   0.0 |  1545
           D:2 |       0 |     120 |   0.0 |       0 |      22 |   0.0 |  1065
           D:3 |       0 |     165 |   0.0 |       0 |      26 |   0.0 |  1598
           D:4 |       0 |     340 |   0.0 |       0 |       9 |   0.0 |   464
               +---------+---------+-------+---------+---------+-------+---------
